 Seeded DCSS version 0.28.0-1-gb440e238dd (webtiles) character file.

Game seed: 10844669733645250963 (custom seed)

324 hikkokomori the Skirmisher (level 6, 0/51 HPs)
             Began as a Formicid Fighter on Feb 25, 2022.
             Succumbed to an orc wizard's poison
             ... on level 4 of the Dungeon.
             The game lasted 00:06:42 (2810 turns).

hikkokomori the Skirmisher (Formicid Fighter)       Turns: 2810, Time: 00:06:43

Health: 0/51       AC:  8    Str: 23    XL:     6   Next: 77%
Magic:  6/6        EV: 10    Int:  7    God:
Gold:   125        SH:  4    Dex: 10    Spells: 5/5 levels left

rFire   . . .      SeeInvis +   a - +0 war axe
rCold   + . .      Faith    .   c - +0 buckler
rNeg    . . .      Spirit   .   j - +2 ring mail {rC+}
rPois   .          Reflect  .   (helmet unavailable)
rElec   .          Harm     .   (no cloak)
rCorr   .          Rampage  .   (no gloves)
Will    +....                   i - +0 pair of boots
Stlth   ..........              (no amulet)
HPRegen 0.17/turn               f - ring of willpower
MPRegen 0.10/turn               (no ring)

@: lethally poisoned (0 -> -17)
A: permanent stasis, dig shafts and tunnels, antennae 3, four strong arms
a: Dig, Shaft Self


You were on level 4 of the Dungeon.
You visited 1 branch of the dungeon, and saw 4 of its levels.

You collected 125 gold pieces.

Inventory:

Hand Weapons
 a - a +0 war axe (weapon)
 m - the +9 heavy crossbow "Sniper" {vorpal, Acc+∞ SInv}
   (You found it on level 2 of the Dungeon)

   Any ammunition fired from it inflicts extra damage upon your enemies.
   Any ammunition fired from it never misses its target.
   SInv:      It lets you see invisible.
Armour
 b - a +0 scale mail
 c - a +0 buckler (worn)
 d - a +1 robe of willpower
 i - a +0 pair of boots (worn)
 j - a +2 ring mail of cold resistance (worn)
Jewellery
 f - a ring of willpower (left hand)
Scrolls
 h - a scroll of immolation
 l - a scroll of enchant weapon
 n - a scroll of summoning
 o - a scroll of torment
Potions
 e - a potion of attraction {unknown}
 g - 2 potions of curing
 k - a potion of flight
 p - a potion of mutation


   Skills:
 + Level 5.5 Fighting
 + Level 4.5 Axes
 + Level 2.2 Crossbows
 - Level 3.2 Armour
 - Level 3.6 Shields


You had 5 spell levels left.
You didn't know any spells.
Your spell library contained the following spells:

 Spells                   Type           Power      Damage    Failure   Level
 Apportation              Tloc           0%         N/A       65%         1
 Alistair's Intoxication  Tmut/Pois      0%         N/A       100%        5
 Fireball                 Conj/Fire      0%         3d3       100%        5
 Iskenderun's Battlesphe  Conj           0%         2d6       100%        5
 Conjure Ball Lightning   Conj/Air       0%         3x3d6     100%        6
 Orb of Destruction       Conj           0%         9d5       100%        7


Dungeon Overview and Level Annotations

Branches:
Dungeon (4/15)
 Temple: D:4-7

Altars:


Innate Abilities, Weirdness & Mutations

You cannot be hasted, slowed, berserked, paralysed or teleported.
You can dig through walls and to a lower floor.
You have a pair of large antennae on your head. (SInv)
Your four strong arms can wield two-handed weapons with a shield.


Message History

You are more poisoned.
The orc priest hits you but does no damage.
The orc hits you but does no damage. The orc wizard closely misses you.
You closely miss the orc priest.
The orc priest is heavily wounded.
You closely miss the orc. You barely miss the orc wizard.
You feel very sick.
The orc priest hits you with a +0 short sword.
The orc closely misses you. The orc wizard barely misses you.
The orc priest hits you but does no damage.
You closely miss the orc priest.
The orc priest is heavily wounded.
You hit the orc.
You kill the orc!
You barely miss the orc wizard.
You feel sick.
The orc wizard hits you with a +0 dagger of venom.
You are more poisoned.
The orc priest hits you with a +0 short sword.
You slash the orc priest!
The orc priest is almost dead.
You barely miss the orc wizard.
You feel very sick.
The orc wizard hits you with a +0 dagger of venom.
You are lethally poisoned!
The orc priest hits you but does no damage.
You barely miss the orc priest.
The orc priest is almost dead.
You closely miss the orc wizard.
You feel extremely sick. You block the orc wizard's attack.
The orc priest invokes the aid of Beogh against you.
Beogh smites you!
* * * LOW HITPOINT WARNING * * *
The orc wizard closely misses you.
The orc priest calls upon Beogh to heal the orc wizard.
The orc wizard is healed somewhat.
You slash the orc priest!
You kill the orc priest!
You hit the orc wizard.
You die...

.#
#...........#
.#
######.#####
+# #.#
######### #.#
#.......# #.#
#.......# #.#
...)....###.#
......).....#
......)@#####
#.....)o#
##......#
#.###### #


You could see an orc wizard.

Vanquished Creatures
  Sigmund (D:3)
  An orc priest (D:4)
  A centaur skeleton (D:3)
  Robin (D:2)
  An adder (D:2)
  4 worms
  2 dart slugs
  7 orcs
  13 bats
  8 endoplasms
  5 giant cockroaches
  16 goblins
  7 hobgoblins
  2 quokkas (D:1)
  9 ball pythons
  3 frilled lizards (D:1)
  7 kobolds
  7 rats
95 creatures vanquished.

Vanquished Creatures (others)
  A fungus (D:1)
  23 plants
24 creatures vanquished.

Grand Total: 119 creatures vanquished

Notes
Turn   | Place    | Note
-------+----------+-------------------------------------------
     0 | D:1      | hikkokomori the Formicid Fighter began the quest for the
                  | Orb.
     0 | D:1      | Reached XP level 1. HP: 18/18 MP: 1/1
    72 | D:1      | Reached XP level 2. HP: 23/24 MP: 2/2
   330 | D:1      | Reached XP level 3. HP: 28/30 MP: 3/3
   421 | D:1      | Reached skill level 4 in Fighting
   617 | D:1      | Found a faded altar of an unknown god.
   906 | D:2      | Reached XP level 4. HP: 23/37 MP: 4/4
  1322 | D:2      | Found the +9 heavy crossbow "Sniper" {vorpal, Acc+∞ SInv}
  1438 | D:2      | Noticed Robin
  1501 | D:2      | Killed Robin
  1502 | D:2      | Reached XP level 5. HP: 24/43 MP: 5/5
  2066 | D:3      | Reached skill level 1 in Crossbows
  2099 | D:3      | Reached skill level 5 in Fighting
  2171 | D:3      | Noticed Sigmund
  2429 | D:3      | Killed Sigmund
  2430 | D:3      | Reached XP level 6. HP: 40/51 MP: 6/6
  2810 | D:4      | Succumbed to an orc wizard's poison

Illustrated notes

Levels and vault maps discovered:
D:1:      dpeg_arrival_arbitrary_c, layout_basic,
          dreamdust_ecumenical_altar_grove
D:2:      layout_basic, uniq_robin
D:3:      wad_woods_pond, layout_rooms, roderic_batcave, uniq_sigmund
D:4:      nicolae_cairo_tiling_large, layout_loops_corners

Skill      XL: |  1  2  3  4  5 |
---------------+----------------+-----
Fighting       | 4 5 |  5.5
Axes           | 3 4 |  4.5
Crossbows      | 2 |  2.2
Armour         | |  3.2
Shields        | |  3.6

Action                   |  1- 3 |  4- 6 || total
-------------------------+-------+-------++-------
Melee: War axe           |    85 |   150 ||   235
  Use: Scroll            |       |     8 ||     8
       Potion            |       |     1 ||     1
Armor: Scale mail        |    29 |    11 ||    40
       Ring mail         |       |    79 ||    79
Dodge: Dodged            |    35 |    99 ||   134
Block: Buckler           |    24 |    40 ||    64
